Map: Hard Lead LE

Players

SubN

  • Race: Zerg Zerg
  • League: Diamond
  • Spawn Location: 11:00

Lazerus - Winner!

  • Race: Zerg Zerg
  • Spawn Location: 5:00

VOD

Have the link to the VOD?

Description

Time

  • Played on: Dec. 20, 2023, 8:02 p.m.
  • Length: 2:38
Show
View Real Time Build Order
Export as new Build Order

SubN Zerg 

Build Orders: Hatch First 

Get SALT Encoding   

  12  0:00  Drone  
  13  0:12  Overlord  
  13  0:16  Drone  
  14  0:30  Drone x2  
  16  0:48  Hatchery  
  15  0:52  Drone  
  15  0:55  Drone  
  17  1:04  Drone  
  18  1:06  Extractor  
  17  1:18  Spawning Pool  
  16  1:19  Drone  
  16  1:21  Drone  
  18  1:32  Drone  
  20  1:59  Overlord  
  20  2:06  Zergling x4  
  22  2:15  Zergling x2  
Show
View Real Time Build Order
Export as new Build Order

Lazerus Zerg - Winner!

Build Orders: Pool Only 

Get SALT Encoding   

  12  0:18  Spawning Pool  
  11  0:21  Drone  
  11  0:26  Drone  
  13  0:30  Drone  
  14  0:43  Overlord  
  14  1:05  Zergling x6  
  17  1:17  Zergling x2  
  18  1:27  Zergling x2  
  19  1:38  Zergling x2  
  20  1:48  Zergling x2  
  21  2:02  Spine Crawler  
  21  2:04  Spine Crawler x2  
Tags
 
League
Diamond
Matchup
ZvZ
Race
Zerg
Replay Pack
2025 replay dump
Spawn Locations
Cross Positions
Add a new tag
Caveats
  • Supply blocks, unpowered buildings, or Contaminate may cause inaccurate times.
  • Supply counts are checked every 10 seconds.